General information
			
			
        
        - name: BNet
 
        - type: Ladder team game (AT/RT)
 
        - host: Battle.net
 
        - saver: TylerAaronKerr
 
        
map: Highperch 
        - players: 6
 
        - length: 725:44
 
        - speed: Fast
 - version: 1.22 W3XP
 - replay type:  

 
» download(1350 KB)
Players
        team 1 (loser) 
              
              
hellorandom (
pink | 25 APM | 3671 actions | 147:44)
              
 5 Tauren Chieftain 
 3 Shockwave
 2 Endurance Aura
 6 Shadow Hunter 
 3 Healing Wave
 1 Serpent Ward
 2 Hex
 1 Naga Sea Witch 
 1 Forked Lightning
 
                » actions 
                
                | Assign group hotkey | 1 |  | 
| Basic commands | 26 |  | 
| Build / train | 87 |  | 
| Enter build submenu | 33 |  | 
| Enter hero's abilities submenu | 12 |  | 
| Give item / drop item | 6 |  | 
| Remove unit from queue | 9 |  | 
| Right click | 2443 |  | 
| Select / deselect | 923 |  | 
| Use ability | 131 |  | 
                3671 total
 » units 
                
                | Peon | 12 |  | 
| Troll Headhunter/Berserker | 6 |  | 
| Demolisher | 12 |  | 
| Tauren | 5 |  | 
| Troll Batrider | 10 |  | 
| Grunt | 1 |  | 
                46 total
 » upgrades
                
                | Armor | 3 |  | 
| Ranged Weapons | 2 |  | 
| Burning Oil | 1 |  | 
| Melee Weapons | 0 |  | 
| Liquid Fire | 1 |  | 
| Berserker Upgrade | 1 |  | 
| Reinforced Defenses | 1 |  | 
| Spiked Barricades | 1 |  | 
                10 total
 » buildings
                
                | Altar of Storms | 1 |  | 
| Orc Burrow | 7 |  | 
| War Mill | 2 |  | 
| Barracks | 2 |  | 
| Stronghold | 1 |  | 
| Great Hall | 3 |  | 
| Fortress | 1 |  | 
| Voodoo Lounge | 1 |  | 
| Tauren Totem | 1 |  | 
| Beastiary | 1 |  | 
| Watch Tower | 8 |  | 
                28 total
 » build order
                00:07 Altar of Storms
00:28 Orc Burrow
00:41 War Mill
01:29 Barracks
01:45 Barracks
02:07 Orc Burrow
04:17 Orc Burrow
05:21 Stronghold
05:59 Orc Burrow
07:42 Great Hall
09:37 Orc Burrow
09:58 Great Hall
15:16 Fortress
19:55 Voodoo Lounge
20:05 Tauren Totem
24:17 Orc Burrow
28:43 Beastiary
39:39 Great Hall
49:49 Orc Burrow
56:05 Watch Tower
56:09 Watch Tower
69:50 Watch Tower
69:52 Watch Tower
69:55 Watch Tower
70:00 Watch Tower
70:29 War Mill
73:14 Watch Tower
73:23 Watch Tower
» items
                
                | Orb of Lightning | 2 |  | 
| Potion of Healing | 2 |  | 
| Healing Salve | 1 |  | 
| Lesser Clarity Potion | 2 |  | 
                7 total
  
               
              
              
skamp (
orange | 92 APM | 8446 actions | 91:22)
              
 4 Beastmaster 
 2 Summon Quilbeast
 2 Summon Hawk
 4 Priestess of the Moon 
 2 Trueshot Aura
 2 Searing Arrows
 3 Keeper of the Grove 
 2 Entangling Roots
 1 Thorns Aura
 
                » actions 
                
                | Assign group hotkey | 104 |  | 
| Basic commands | 339 |  | 
| Build / train | 72 |  | 
| Enter build submenu | 22 |  | 
| Enter hero's abilities submenu | 11 |  | 
| Give item / drop item | 4 |  | 
| Remove unit from queue | 1 |  | 
| Right click | 3400 |  | 
| Select / deselect | 1103 |  | 
| Select group hotkey | 3182 |  | 
| Use ability | 208 |  | 
                8446 total
 » units 
                
                | Wisp | 22 |  | 
| Archer | 6 |  | 
| Huntress | 2 |  | 
| Glaive Thrower | 5 |  | 
| Chimaera | 3 |  | 
                38 total
 » upgrades
                
                | Ultravision | 1 |  | 
| Vorpal Blades | 1 |  | 
| Strength of the Moon | 2 |  | 
| Sentinel | 1 |  | 
| Corrosive Breath | 1 |  | 
| Well Spring | 1 |  | 
                7 total
 » buildings
                
                | Moon Well | 8 |  | 
| Ancient of War | 2 |  | 
| Altar of Elders | 1 |  | 
| Hunter's Hall | 1 |  | 
| Ancient of Wonders | 1 |  | 
| Tree of Ages | 1 |  | 
| Tree of Eternity | 1 |  | 
| Ancient of Wind | 1 |  | 
| Chimaera Roost | 3 |  | 
                19 total
 » build order
                00:17 Moon Well
01:09 Ancient of War
01:28 Altar of Elders
01:35 Moon Well
02:06 Moon Well
02:16 Hunter's Hall
04:06 Ancient of Wonders
04:11 Ancient of War
05:43 Tree of Ages
07:16 Moon Well
08:07 Moon Well
14:05 Tree of Eternity
16:56 Ancient of Wind
18:17 Chimaera Roost
18:20 Chimaera Roost
18:23 Chimaera Roost
19:46 Moon Well
19:48 Moon Well
20:58 Moon Well
» items
                
                | Dust of Appearance | 2 |  | 
| Boots of Speed | 1 |  | 
| Staff of Preservation | 2 |  | 
| Orb of Venom | 1 |  | 
| Scroll of Town Portal | 1 |  | 
                7 total
  
               
              
              
Venom123456 (
yellow | 38 APM | 3222 actions | 84:53)
              
 5 Blademaster 
 3 Wind Walk
 2 Critical Strike
 3 Shadow Hunter 
 1 Hex
 2 Healing Wave
 1 Naga Sea Witch 
 1 Frost Arrows
 
                » actions 
                
                | Assign group hotkey | 224 |  | 
| Build / train | 107 |  | 
| ESC pressed | 1 |  | 
| Enter build submenu | 30 |  | 
| Enter hero's abilities submenu | 9 |  | 
| Right click | 1854 |  | 
| Select / deselect | 513 |  | 
| Select group hotkey | 328 |  | 
| Use ability | 155 |  | 
                3222 total
 » units 
                
                | Peon | 24 |  | 
| Grunt | 4 |  | 
| Raider | 8 |  | 
| Spirit Walker | 2 |  | 
| Demolisher | 3 |  | 
| Kodo Beast | 2 |  | 
| Troll Batrider | 7 |  | 
| Wind Rider | 10 |  | 
                60 total
 » upgrades
                
                | Ensnare | 1 |  | 
| Spirit Walker Training | 2 |  | 
| Backpack | 1 |  | 
| Pillage | 1 |  | 
| Berserker Strength | 1 |  | 
| Melee Weapons | 3 |  | 
| Armor | 3 |  | 
| Spiked Barricades | 3 |  | 
| Ranged Weapons | 3 |  | 
| Envenomed Spears | 1 |  | 
| Reinforced Defenses | 1 |  | 
| Troll Regeneration | 1 |  | 
| Berserker Upgrade | 1 |  | 
| Burning Oil | 1 |  | 
| Liquid Fire | 1 |  | 
| War Drums Damage Increase | 1 |  | 
| Witch Doctor Training | 2 |  | 
| Shaman Training | 2 |  | 
                29 total
 » buildings
                
                | Altar of Storms | 1 |  | 
| Orc Burrow | 10 |  | 
| Barracks | 1 |  | 
| Stronghold | 1 |  | 
| Voodoo Lounge | 1 |  | 
| War Mill | 1 |  | 
| Beastiary | 1 |  | 
| Spirit Lodge | 1 |  | 
| Watch Tower | 9 |  | 
| Great Hall | 2 |  | 
| Fortress | 1 |  | 
| Tauren Totem | 1 |  | 
                30 total
 » build order
                00:06 Altar of Storms
00:17 Orc Burrow
00:50 Barracks
01:40 Orc Burrow
02:56 Stronghold
04:05 Voodoo Lounge
04:40 War Mill
04:42 Orc Burrow
05:27 Beastiary
06:43 Spirit Lodge
07:08 Watch Tower
07:49 Orc Burrow
08:10 Watch Tower
08:17 Orc Burrow
09:24 Great Hall
19:21 Watch Tower
20:35 Orc Burrow
21:47 Great Hall
22:01 Fortress
23:11 Orc Burrow
23:14 Orc Burrow
23:17 Orc Burrow
23:19 Orc Burrow
23:25 Watch Tower
24:39 Watch Tower
24:52 Watch Tower
25:20 Watch Tower
26:46 Watch Tower
26:52 Watch Tower
59:06 Tauren Totem
» items
                
                | Healing Salve | 2 |  | 
| Lesser Clarity Potion | 1 |  | 
                3 total
  
               team 2 (winner) 
              
              
Kobe-81points (
purple | 58 APM | 8596 actions | 147:45)
              
 9 Blademaster 
 3 Critical Strike
 3 Wind Walk
 1 Bladestorm
 2 Mirror Image
 
                » actions 
                
                | Assign group hotkey | 14 |  | 
| Basic commands | 199 |  | 
| Build / train | 78 |  | 
| ESC pressed | 31 |  | 
| Enter build submenu | 22 |  | 
| Enter hero's abilities submenu | 10 |  | 
| Give item / drop item | 3 |  | 
| Right click | 7160 |  | 
| Select / deselect | 663 |  | 
| Select group hotkey | 107 |  | 
| Use ability | 306 |  | 
                8596 total
 » units 
                
                | Peon | 7 |  | 
| Grunt | 4 |  | 
| Troll Headhunter/Berserker | 3 |  | 
| Troll Batrider | 15 |  | 
                29 total
 » upgrades
                
                | Spiked Barricades | 2 |  | 
| Melee Weapons | 1 |  | 
| Ranged Weapons | 1 |  | 
| Liquid Fire | 1 |  | 
| Reinforced Defenses | 1 |  | 
                6 total
 » buildings
                
                | Altar of Storms | 2 |  | 
| Orc Burrow | 8 |  | 
| Barracks | 1 |  | 
| War Mill | 2 |  | 
| Voodoo Lounge | 2 |  | 
| Stronghold | 1 |  | 
| Fortress | 1 |  | 
| Beastiary | 2 |  | 
                19 total
 » build order
                00:05 Altar of Storms
00:08 Orc Burrow
00:49 Barracks
01:17 War Mill
01:39 Orc Burrow
02:24 Voodoo Lounge
04:08 Orc Burrow
05:32 Stronghold
05:35 Orc Burrow
09:35 Fortress
09:46 Beastiary
09:49 Beastiary
10:53 War Mill
12:07 Orc Burrow
12:09 Orc Burrow
14:32 Orc Burrow
15:30 Voodoo Lounge
38:06 Altar of Storms
42:09 Orc Burrow
» items
                
                | Healing Salve | 3 |  | 
| Potion of Mana | 5 |  | 
| Potion of Healing | 5 |  | 
| Scroll of Town Portal | 5 |  | 
| Orb of Lightning | 1 |  | 
| Scroll of Regeneration | 1 |  | 
| Lesser Clarity Potion | 1 |  | 
| Staff of Teleportation | 1 |  | 
| Potion of Lesser Invulnerability | 8 |  | 
| Boots of Speed | 1 |  | 
                31 total
  
               
              
              
toWa.tei (
green | 27 APM | 1667 actions | 60:40)
              
 2 Archmage 
 1 Blizzard
 1 Brilliance Aura
 1 Mountain King 
 1 Storm Bolt
 1 Paladin 
 1 Holy Light
 
                » actions 
                
                | Assign group hotkey | 9 |  | 
| Basic commands | 27 |  | 
| Build / train | 84 |  | 
| ESC pressed | 3 |  | 
| Enter build submenu | 52 |  | 
| Enter hero's abilities submenu | 4 |  | 
| Give item / drop item | 1 |  | 
| Right click | 834 |  | 
| Select / deselect | 484 |  | 
| Select group hotkey | 50 |  | 
| Use ability | 119 |  | 
                1667 total
 » units 
                
                | Peasant | 25 |  | 
| Dragonhawk Rider | 2 |  | 
| Sorceress | 2 |  | 
                29 total
 » upgrades
                
                | Masonry | 3 |  | 
| Magic Sentry | 1 |  | 
| Cloud | 1 |  | 
| Sorceress Training | 2 |  | 
| Priest Training | 2 |  | 
                9 total
 » buildings
                
                | Altar of Kings | 1 |  | 
| Lumber Mill | 2 |  | 
| Farm | 6 |  | 
| Scout Tower | 33 |  | 
| Guard Tower | 16 |  | 
| Town Hall | 1 |  | 
| Keep | 1 |  | 
| Blacksmith | 1 |  | 
| Arcane Vault | 2 |  | 
| Castle | 1 |  | 
| Arcane Tower | 2 |  | 
| Arcane Sanctum | 1 |  | 
| Gryphon Aviary | 2 |  | 
                69 total
 » build order
                00:06 Altar of Kings
00:16 Lumber Mill
00:18 Farm
01:27 Scout Tower
01:41 Farm
01:53 Scout Tower
01:55 Scout Tower
02:13 Scout Tower
02:17 Scout Tower
02:19 Guard Tower
02:21 Guard Tower
02:32 Guard Tower
02:48 Scout Tower
02:54 Guard Tower
02:54 Guard Tower
03:37 Guard Tower
03:38 Scout Tower
03:40 Scout Tower
03:41 Scout Tower
04:10 Guard Tower
04:26 Scout Tower
05:16 Scout Tower
05:19 Scout Tower
05:42 Scout Tower
05:43 Scout Tower
05:45 Guard Tower
05:53 Farm
05:56 Scout Tower
06:53 Guard Tower
06:55 Scout Tower
07:09 Scout Tower
07:10 Scout Tower
07:11 Scout Tower
07:20 Scout Tower
07:21 Scout Tower
07:26 Town Hall
07:29 Guard Tower
07:46 Guard Tower
08:17 Keep
08:21 Blacksmith
08:28 Scout Tower
08:29 Scout Tower
08:30 Scout Tower
08:32 Scout Tower
08:35 Scout Tower
08:36 Scout Tower
08:56 Guard Tower
09:34 Scout Tower
09:36 Scout Tower
09:37 Scout Tower
10:18 Arcane Vault
10:58 Guard Tower
12:02 Scout Tower
12:04 Scout Tower
12:34 Castle
12:35 Guard Tower
12:37 Scout Tower
12:59 Arcane Tower
13:41 Arcane Tower
13:43 Arcane Sanctum
13:47 Gryphon Aviary
13:51 Gryphon Aviary
14:03 Arcane Vault
16:14 Farm
19:23 Guard Tower
21:48 Farm
22:28 Farm
22:52 Lumber Mill
» items
                
                | Boots of Speed | 1 |  | 
| Staff of Teleportation | 1 |  | 
| Potion of Healing | 3 |  | 
| Potion of Mana | 3 |  | 
| Staff of Sanctuary | 3 |  | 
| Orb of Lightning | 3 |  | 
                14 total
  
               
              
              
TylerAaronKerr (
red | 13 APM | 9335 actions | 725:44)
              
 1 Archmage 
 1 Brilliance Aura
 8 Mountain King 
 3 Storm Bolt
 3 Bash
 1 Avatar
 1 Thunder Clap
 2 Goblin Tinker 
 1 Pocket Factory
 1 Cluster Rockets
 
                » actions 
                
                | Assign group hotkey | 24 |  | 
| Basic commands | 60 |  | 
| Build / train | 163 |  | 
| Enter build submenu | 104 |  | 
| Enter hero's abilities submenu | 14 |  | 
| Give item / drop item | 14 |  | 
| Remove unit from queue | 23 |  | 
| Right click | 5995 |  | 
| Select / deselect | 1003 |  | 
| Select group hotkey | 1489 |  | 
| Use ability | 446 |  | 
                9335 total
 » units 
                
                | Peasant | 12 |  | 
| Sorceress | -3 |  | 
| Priest | 1 |  | 
| Dragonhawk Rider | 15 |  | 
                25 total
 » upgrades
                
                | Masonry | 3 |  | 
| Magic Sentry | 1 |  | 
| Lumber Harvesting | 2 |  | 
| Swords | 3 |  | 
| Armor | 3 |  | 
| Cloud | 1 |  | 
| Animal War Training | 1 |  | 
| Sorceress Training | 1 |  | 
                15 total
 » buildings
                
                | Altar of Kings | 2 |  | 
| Farm | 28 |  | 
| Lumber Mill | 2 |  | 
| Scout Tower | 78 |  | 
| Arcane Tower | 4 |  | 
| Guard Tower | 38 |  | 
| Keep | 4 |  | 
| Town Hall | 1 |  | 
| Arcane Sanctum | 1 |  | 
| Castle | 1 |  | 
| Gryphon Aviary | 2 |  | 
| Blacksmith | 1 |  | 
| Barracks | 1 |  | 
| Arcane Vault | 2 |  | 
                165 total
 » build order
                00:08 Altar of Kings
00:19 Farm
00:51 Lumber Mill
00:55 Farm
01:07 Scout Tower
01:39 Arcane Tower
01:41 Scout Tower
02:10 Guard Tower
02:16 Scout Tower
02:36 Scout Tower
02:41 Scout Tower
02:43 Guard Tower
03:27 Guard Tower
03:28 Scout Tower
03:29 Scout Tower
03:50 Keep
03:56 Scout Tower
03:57 Scout Tower
03:58 Guard Tower
04:06 Guard Tower
04:54 Guard Tower
04:56 Scout Tower
04:57 Scout Tower
05:25 Scout Tower
05:26 Scout Tower
05:26 Scout Tower
05:41 Guard Tower
05:42 Scout Tower
05:43 Scout Tower
05:44 Scout Tower
05:45 Scout Tower
05:46 Scout Tower
05:48 Scout Tower
05:49 Scout Tower
05:49 Scout Tower
05:50 Scout Tower
05:51 Scout Tower
06:03 Arcane Tower
06:11 Guard Tower
06:12 Guard Tower
06:47 Guard Tower
06:52 Guard Tower
06:54 Guard Tower
07:16 Town Hall
07:49 Scout Tower
07:50 Scout Tower
07:54 Arcane Sanctum
07:55 Guard Tower
08:10 Guard Tower
08:57 Guard Tower
10:16 Guard Tower
10:33 Castle
11:59 Gryphon Aviary
12:01 Gryphon Aviary
12:03 Blacksmith
12:04 Barracks
13:12 Farm
13:13 Farm
13:15 Farm
13:15 Farm
13:16 Farm
13:17 Farm
13:18 Farm
13:19 Farm
13:27 Arcane Vault
18:03 Scout Tower
18:03 Scout Tower
18:04 Scout Tower
18:41 Guard Tower
18:44 Guard Tower
18:49 Scout Tower
18:50 Scout Tower
18:53 Scout Tower
18:53 Scout Tower
18:54 Scout Tower
19:00 Scout Tower
19:02 Scout Tower
19:03 Scout Tower
19:03 Scout Tower
19:23 Guard Tower
19:24 Scout Tower
19:25 Scout Tower
19:28 Scout Tower
19:38 Guard Tower
19:53 Guard Tower
19:53 Guard Tower
20:09 Guard Tower
20:21 Guard Tower
21:22 Guard Tower
24:43 Farm
24:44 Farm
24:45 Farm
24:47 Farm
28:41 Scout Tower
28:42 Scout Tower
28:42 Scout Tower
29:24 Guard Tower
33:41 Farm
34:12 Arcane Vault
34:49 Farm
34:49 Farm
34:50 Farm
34:50 Farm
34:51 Farm
39:54 Keep
39:54 Keep
42:49 Scout Tower
43:02 Scout Tower
43:04 Scout Tower
43:07 Scout Tower
43:36 Lumber Mill
43:52 Scout Tower
43:58 Scout Tower
44:58 Guard Tower
45:01 Scout Tower
45:03 Scout Tower
45:07 Scout Tower
45:10 Scout Tower
45:25 Scout Tower
45:37 Guard Tower
45:39 Scout Tower
45:39 Scout Tower
45:40 Scout Tower
45:42 Guard Tower
45:47 Scout Tower
45:49 Scout Tower
45:52 Scout Tower
45:54 Scout Tower
45:55 Guard Tower
45:57 Scout Tower
46:03 Scout Tower
46:04 Scout Tower
46:13 Guard Tower
46:15 Guard Tower
46:25 Guard Tower
46:30 Scout Tower
46:32 Guard Tower
46:33 Scout Tower
46:36 Scout Tower
46:48 Scout Tower
46:51 Scout Tower
47:02 Guard Tower
47:05 Guard Tower
47:24 Guard Tower
50:39 Scout Tower
50:40 Scout Tower
50:42 Scout Tower
50:59 Scout Tower
51:02 Scout Tower
51:02 Scout Tower
51:12 Scout Tower
51:13 Scout Tower
51:26 Arcane Tower
52:41 Guard Tower
70:56 Arcane Tower
100:44 Altar of Kings
100:47 Farm
100:49 Farm
100:50 Farm
100:50 Farm
100:57 Farm
100:59 Farm
101:00 Farm
101:02 Farm
» items
                
                | Healing Salve | 3 |  | 
| Lesser Clarity Potion | 7 |  | 
| Boots of Speed | 1 |  | 
| Staff of Teleportation | 2 |  | 
| Mechanical Critter | 5 |  | 
| Scroll of Town Portal | 7 |  | 
| Orb of Lightning | 1 |  | 
| Potion of Invisibility | 1 |  | 
| Potion of Lesser Invulnerability | 5 |  | 
| Potion of Healing | 4 |  | 
| Tiny Great Hall | 1 |  | 
| Scroll of Regeneration | 1 |  | 
                38 total
  
                Chat log
          
(03:01 / All) toWa.tei: R IU STUPID
(03:05 / All) toWa.tei: MAKING BEAR MASTER?
(03:12 / All) toWa.tei: noob
(03:14 / All) toWa.tei: gg noob
(03:33 / All) toWa.tei: gg tagar bearclaw
(03:43 / Allies) toWa.tei: share
(03:46 / Allies) toWa.tei: get out
(03:50 / Allies) toWa.tei: share
(05:11 / All) toWa.tei: quit noob
(06:04 / Allies) toWa.tei: kobe share
(06:09 / Allies) toWa.tei: let your grunts die
(06:46 / Allies) toWa.tei: share control nig
(07:39 / Allies) TylerAaronKerr: stop
(07:40 / Allies) TylerAaronKerr: making
(07:41 / Allies) toWa.tei: cancel
(07:42 / Allies) toWa.tei: the head hunter
(07:53 / Allies) toWa.tei: gold pls
(07:56 / Allies) toWa.tei: im being a fucking noob
(07:58 / Allies) toWa.tei: i need to tech
(08:18 / Allies) toWa.tei: ty
(09:00 / All) toWa.tei: newb
(09:03 / All) toWa.tei: quit now
(11:22 / Allies) TylerAaronKerr: orc shop
(12:08 / All) TylerAaronKerr: OH MY GOD
(12:11 / All) TylerAaronKerr: YOU LOST HERO TO TOWERS
(13:09 / Allies) toWa.tei: make an orc shop here pls
(15:52 / All) toWa.tei: TY 
(16:37 / Allies) toWa.tei: do me a favour
(16:38 / Allies) toWa.tei: get like
(16:40 / Allies) toWa.tei: on your blademaster
(16:47 / Allies) toWa.tei: nevermind i can use sorc invis
(17:30 / Allies) TylerAaronKerr: FUCK
(21:28 / Allies) TylerAaronKerr: note to obs
(21:31 / Allies) TylerAaronKerr: all 3 mk deaths are from lag
(21:33 / Allies) toWa.tei: no manna
(21:51 / Allies) toWa.tei: i have like 4k
(22:01 / Allies) toWa.tei: stay under 50 food kobne
(22:10 / Allies) TylerAaronKerr: get a lot o lumb
(22:12 / Allies) TylerAaronKerr: please
(26:21 / Allies) toWa.tei: brb
(26:35 / Allies) toWa.tei: erm
(26:38 / Allies) toWa.tei: i ahve to alt tab
(26:44 / Allies) toWa.tei: if my dad catches me playing he will murder me
(26:47 / Allies) toWa.tei: back in abit
(26:47 / Allies) TylerAaronKerr: ok
(26:51 / Allies) toWa.tei: do you want my gold
(27:05 / Allies) TylerAaronKerr: how long
(27:35 / Allies) TylerAaronKerr: get a tinker
(27:39 / Allies) TylerAaronKerr: purp
(30:10 / Allies) Kobe-81points: my bad
(31:29 / Allies) TylerAaronKerr: go
(31:29 / Allies) TylerAaronKerr: get
(31:30 / Allies) TylerAaronKerr: tinker
(31:31 / Allies) TylerAaronKerr: please
(31:38 / Allies) TylerAaronKerr: time to go up
(32:17 / Allies) TylerAaronKerr: dude
(32:18 / Allies) TylerAaronKerr: go to tav
(32:21 / Allies) TylerAaronKerr: i'll buy it
(32:22 / Allies) TylerAaronKerr: you don't
(32:34 / Allies) TylerAaronKerr: get me a staff please
(33:05 / Allies) TylerAaronKerr: wow
(33:20 / Allies) Kobe-81points: i need 100 gold
(36:05 / Allies) TylerAaronKerr: get mk a staff please
(41:06 / Allies) TylerAaronKerr: what
(41:07 / Allies) TylerAaronKerr: are you doing
(41:45 / Allies) Kobe-81points: what is there to do
(41:51 / Allies) TylerAaronKerr: not lose your level 6 blade twice
(41:56 / Allies) Kobe-81points: 200 g
(42:00 / Allies) Kobe-81points: i get him back
(42:14 / Allies) Kobe-81points: fuck me i fogot burrows
(43:04 / Allies) Kobe-81points: need more gold
(44:26 / Allies) TylerAaronKerr: tav res
(44:26 / Allies) TylerAaronKerr: go
(44:35 / Allies) TylerAaronKerr: hurry
(44:44 / Allies) TylerAaronKerr: cancel @ altar
(44:44 / Allies) TylerAaronKerr: now
(44:54 / Allies) Kobe-81points: 400 more gold for that
(45:20 / Allies) TylerAaronKerr: turk get back & give me goooooooold
(46:04 / All) hellorandom: gg?
(46:08 / All) TylerAaronKerr: gg.......
(46:10 / All) TylerAaronKerr: our last base......
(46:19 / All) TylerAaronKerr: since we're just gettin to know each other
(46:22 / All) TylerAaronKerr: where you from>?
(46:33 / All) hellorandom: rus
(46:40 / All) TylerAaronKerr: eyuck,,,,,
(46:43 / All) TylerAaronKerr: putintard
(46:45 / All) Venom123456: rus
(46:55 / All) TylerAaronKerr: damn
(47:00 / All) TylerAaronKerr: neither of you ever think of moving?
(47:36 / All) TylerAaronKerr: heheh,
(47:38 / All) TylerAaronKerr: ))
(48:35 / Allies) TylerAaronKerr: do not
(48:35 / Allies) TylerAaronKerr: lose
(48:36 / Allies) TylerAaronKerr: your blade
(48:40 / Allies) TylerAaronKerr: get a tp and a staff
(48:55 / Allies) TylerAaronKerr: always have enough mana for a ww
(49:19 / Allies) TylerAaronKerr: staff up with your tp
(49:20 / All) Venom123456: причём у источника
(49:22 / Allies) TylerAaronKerr: just chill up here for now
(49:23 / All) TylerAaronKerr: ))
(49:30 / All) Venom123456: пиздец
(49:43 / Allies) Kobe-81points: thank god
(49:48 / Allies) TylerAaronKerr: we win
(49:53 / Allies) TylerAaronKerr: they have one chim
(49:58 / Allies) TylerAaronKerr: maybe able to make more
(49:59 / All) Venom123456: думаешь
(50:00 / Allies) Kobe-81points: was probably going to get tagged by a POTM bird
(50:29 / Allies) Kobe-81points: they have one mine
(50:32 / Allies) TylerAaronKerr: i know
(50:40 / All) Venom123456: как нам сюда забраться
(50:42 / All) TylerAaronKerr: ))
(50:43 / All) hellorandom: e yb[ ytn ytxtuj
(50:46 / All) TylerAaronKerr: ENGLISH
(50:52 / All) hellorandom: )))
(50:56 / All) TylerAaronKerr: ))
(51:00 / All) hellorandom: you no have gold
(51:04 / All) TylerAaronKerr: i have thousands
(51:05 / All) TylerAaronKerr: actually
(51:11 / Allies) Kobe-81points: want lumber?
(51:14 / Allies) TylerAaronKerr: im good
(51:25 / All) skamp: lol.no air,who win
(51:31 / All) skamp: >
(51:34 / Allies) Kobe-81points: fuck it take it
(51:37 / Allies) TylerAaronKerr: ok
(51:56 / Allies) TylerAaronKerr: i am fucking amazing
(51:58 / All) hellorandom: ))
(52:00 / All) hellorandom: vlf
(52:01 / All) TylerAaronKerr: yee haw batsnag
(52:04 / All) TylerAaronKerr: gl hf
(52:05 / Allies) Kobe-81points: lol 1k gold
(52:06 / All) TylerAaronKerr: welcome to HIGHPERCH
(52:23 / All) hellorandom: так что делать
(52:24 / Allies) Kobe-81points: let me murder apeon
(52:29 / Allies) TylerAaronKerr: huh
(52:32 / Allies) TylerAaronKerr: go down if you want
(52:36 / Allies) TylerAaronKerr: if you die you aint coming back
(52:37 / Allies) Kobe-81points: i just played fable 2
(52:43 / Allies) Kobe-81points: i need to murder townsfolk
(52:45 / All) Venom123456: у кого бабло есть на химер
(52:57 / Allies) TylerAaronKerr: im having a shower in a couple minutes
(53:08 / Allies) TylerAaronKerr: you'll need to watch my hawks and not let them chim the towers
(53:12 / All) Venom123456: предлагаешь что другое
(53:14 / All) hellorandom: дриады нужны
(53:15 / Allies) Kobe-81points: who is on the hawks
(53:16 / All) TylerAaronKerr: )) english
(53:19 / Allies) TylerAaronKerr: huh
(53:23 / Allies) TylerAaronKerr: blood elves
(53:28 / All) hellorandom: волчьи всадники и охотники
(53:36 / All) TylerAaronKerr: english (usa) )) 
(53:43 / All) hellorandom: туда неидём стоим по базам и всё
(53:51 / All) hellorandom: да сами выйдут
(54:13 / All) Venom123456: да дамаешь он самый тупой
(54:17 / All) hellorandom: exit you no can win amy
(54:48 / All) Venom123456: беру свои слова назад
(54:53 / All) TylerAaronKerr: who amy
(54:54 / Allies) Kobe-81points: dowe know what they have left?
(54:57 / Allies) TylerAaronKerr: 1 chim
(55:00 / Allies) TylerAaronKerr: and some gold for maybe more
(55:07 / Allies) TylerAaronKerr: bunch of siege, some heroes
(55:10 / Allies) TylerAaronKerr: some are disablers
(55:11 / All) hellorandom: you no can win
(55:16 / All) TylerAaronKerr: i always win
(55:22 / All) hellorandom: no))
(55:22 / Allies) Kobe-81points: i seen a ton of catapults
(55:23 / All) TylerAaronKerr: on highperc....
(55:26 / Allies) TylerAaronKerr: yeah so
(55:54 / All) TylerAaronKerr: peace
(56:14 / All) Venom123456: и чего будем тупо стоять
(56:18 / All) TylerAaronKerr: ))
(56:32 / All) hellorandom: чё?
(56:33 / Allies) Kobe-81points: i cant believe they let me res like 5 times
(56:44 / Allies) Kobe-81points: are they retarded
(56:46 / All) hellorandom: щас нечего  недадут
(56:47 / All) hellorandom: ужек
(56:56 / All) hellorandom: там меньше пол суммы
(57:07 / Allies) Kobe-81points: yes i am new
(57:14 / All) TylerAaronKerr: my phone (telefonias)  +16478699830
(57:29 / All) skamp: and
(57:33 / All) Venom123456: даже если мы переебём его армию как чёрт побери мы сможем уничтожить
(57:33 / All) TylerAaronKerr: yea thats me
(57:34 / All) TylerAaronKerr: bear and
(57:42 / All) Venom123456: его постройки
(58:08 / Allies) toWa.tei: hmm
(58:08 / All) Venom123456: я выхожу
(58:10 / All) hellorandom: fuck exit game you no can win))
(58:12 / Allies) toWa.tei: imma have to afk again
(58:17 / All) hellorandom: cтой
(58:22 / Allies) toWa.tei: brb
(59:05 / All) hellorandom: ты чё войска неделаешь?
(59:24 / All) Venom123456: из чего мне делать
(59:44 / All) hellorandom: бля делай которые воздух мочат
(60:16 / All) Venom123456: две виверны
(60:19 / All) hellorandom: все
(60:27 / All) Venom123456: да
(60:43 / All) hellorandom: ))
(61:07 / All) Kobe-81points: he went to the pub
(63:53 / All) Venom123456: )))
(64:15 / All) Venom123456: выходи заебал
(65:42 / All) Venom123456: пиздец с источником жизни ещё
(65:53 / All) Venom123456: во во
(66:13 / All) Venom123456: хуй знает
(66:46 / All) Venom123456: да
(66:48 / All) TylerAaronKerr: ))
(67:04 / Allies) TylerAaronKerr: whats been happening
(67:06 / All) skamp: who time game
(67:14 / Allies) Kobe-81points: i killed a DoT
(67:17 / Allies) TylerAaronKerr: wicket
(67:22 / Allies) Kobe-81points: with my skillz
(67:30 / All) skamp: i sleep,ok?
(67:37 / All) Kobe-81points: ok
(67:42 / All) TylerAaronKerr: new albumen GO NOW
(67:57 / Allies) Kobe-81points: this is the fucking cold war w/o nukes
(68:04 / Allies) TylerAaronKerr: you never perched?
(68:11 / Allies) Kobe-81points: nope
(68:13 / Allies) TylerAaronKerr: wow 
(68:15 / Allies) TylerAaronKerr: congrats this your first
(68:16 / Allies) Kobe-81points: im anewb
(68:31 / Allies) Kobe-81points: i have done some gimmik shit
(68:40 / Allies) Kobe-81points: but this is amazing
(69:00 / Allies) TylerAaronKerr: i been perching since october 2006 wahoo....
(69:22 / Allies) Kobe-81points: i played all seriouscraft for af ew months
(69:39 / Allies) Kobe-81points: was not cut out for it
(69:57 / Allies) Kobe-81points: im comming back for sc2!
(70:18 / Allies) TylerAaronKerr: a good warmup
(70:32 / Allies) Kobe-81points: im pretty good at this game, you'll see
(70:45 / All) TylerAaronKerr: bwahahahahha towers
(71:12 / Allies) TylerAaronKerr: hmm ty
(72:08 / All) TylerAaronKerr: u having a fitful sleep?
(72:22 / Allies) Kobe-81points: i cant tele to a flying unit?
(72:24 / Allies) TylerAaronKerr: no
(72:31 / Allies) Kobe-81points: fuck gay
(72:33 / Allies) TylerAaronKerr: haha
(72:49 / Allies) Kobe-81points: im stuck here
(73:20 / All) TylerAaronKerr: ty
(73:27 / Allies) Kobe-81points: thats the best thing i have ever seen
(73:32 / Allies) TylerAaronKerr: huh
(74:10 / Allies) TylerAaronKerr: kill
(74:25 / Allies) TylerAaronKerr: go
(74:27 / Allies) TylerAaronKerr: kotg
(74:38 / Allies) TylerAaronKerr: potm
(74:48 / Allies) TylerAaronKerr: nm
(74:48 / Allies) TylerAaronKerr: nm
(74:54 / Allies) TylerAaronKerr: staff up and heal
(75:02 / Allies) Kobe-81points: 10 secs
(75:05 / Allies) TylerAaronKerr: yea cool
(75:10 / All) TylerAaronKerr: Hmm where your kotg?
(76:10 / Allies) Kobe-81points: best resturant to visit while hungover?
(76:16 / Allies) TylerAaronKerr: fran's diner
(76:19 / Allies) Kobe-81points: Bob evans is my vote
(76:21 / Allies) TylerAaronKerr: toronto only i think
(76:33 / Allies) TylerAaronKerr: fran's is kind of a classier one-off bob evans or dennys
(76:38 / Allies) TylerAaronKerr: staff to mk
(76:41 / Allies) TylerAaronKerr: let's wreck some shit
(77:53 / All) TylerAaronKerr: peace to u
(78:13 / Allies) Kobe-81points: i love this strat
(78:19 / Allies) Kobe-81points: AFK rotations to eat
(78:36 / Allies) Kobe-81points: thats gotta be bad on their side
(80:07 / Allies) Kobe-81points: got some slippers of agi
(81:35 / All) skamp: who tp 
(81:40 / All) skamp: ?
(83:29 / Allies) TylerAaronKerr: all geared up
(83:30 / Allies) TylerAaronKerr: nice,,
(83:40 / Allies) Kobe-81points: got my kit
(86:59 / All) hellorandom: leave please!!!!!!!!!!
(87:44 / All) TylerAaronKerr: ))
(88:02 / All) hellorandom: ggw
(88:05 / All) hellorandom: ппц
(88:36 / All) hellorandom: бля тут победа
(88:41 / All) hellorandom: хулб
(88:51 / All) hellorandom: man leave 
(89:23 / All) hellorandom: kill and we kill you arms me win
(89:33 / All) hellorandom: you kill you win
(89:39 / All) hellorandom: ok?
(90:21 / All) hellorandom: ok???
(90:25 / All) TylerAaronKerr: ok???? english
(90:30 / All) TylerAaronKerr: +16478699830    call me
(90:58 / All) hellorandom: you kill my arm i win you kill you win ok?
(91:05 / Allies) TylerAaronKerr: none of them
(91:08 / Allies) TylerAaronKerr: they have too many disables
(91:11 / Allies) TylerAaronKerr: hawk
(91:13 / Allies) TylerAaronKerr: can see ou
(91:15 / Allies) TylerAaronKerr: you
(91:23 / All) hellorandom: не это нубство))
(91:25 / All) TylerAaronKerr: bye
(91:33 / All) TylerAaronKerr: noob tube .com      upcoming highperch tower video site
(91:36 / All) TylerAaronKerr: you star on it
(92:12 / All) hellorandom: fuck me no it lose i need win
(92:21 / All) TylerAaronKerr: paypal me $3 i give you win
(92:24 / All) TylerAaronKerr: kerr.tyler@gmail.com
(92:25 / All) TylerAaronKerr: thanks bye
(92:32 / All) hellorandom: i russ i no speak eng)
(92:37 / All) Kobe-81points: at least $3
(92:44 / All) TylerAaronKerr: 63.0
(92:46 / All) TylerAaronKerr: rubles
(93:01 / All) hellorandom: )
(97:09 / All) hellorandom: you no exit?
(97:11 / All) TylerAaronKerr: never
(97:12 / All) TylerAaronKerr: no
(97:15 / All) hellorandom: ok i too
(97:15 / All) TylerAaronKerr: i always win
(97:22 / All) TylerAaronKerr: $3 for the win
(97:24 / All) TylerAaronKerr: paypal.com
(97:31 / All) TylerAaronKerr: http://highper.ch/win
(97:49 / All) hellorandom: no i sleep
(98:26 / Allies) Kobe-81points: fuck
(98:29 / Allies) TylerAaronKerr: ?
(98:30 / Allies) Kobe-81points: almost level 7
(98:36 / Allies) TylerAaronKerr: staff down get a new tp
(104:50 / All) TylerAaronKerr: ty for free win
(104:54 / All) TylerAaronKerr: visit http://highper.ch/ for more ownage tower replays
(107:20 / Allies) Kobe-81points: high five Kelv!
(107:23 / Allies) TylerAaronKerr: lmao
(107:45 / Allies) Kobe-81points: if they would kill critters
(107:50 / Allies) Kobe-81points: we would be sunk
(108:04 / Allies) TylerAaronKerr: nah we could hop back down
(108:05 / Allies) TylerAaronKerr: w/ tinker
(108:53 / Allies) Kobe-81points: holy shit
(108:57 / Allies) TylerAaronKerr: ?
(109:04 / Allies) Kobe-81points: the people here that were drunkand hungover
(109:07 / Allies) Kobe-81points: have even left
(109:18 / Allies) Kobe-81points: and this game rolls on
(109:23 / Allies) Kobe-81points: fucking epic
(113:40 / All) Kobe-81points: you have lost some heroes!
(115:02 / Allies) Kobe-81points: jack bauer!
(115:12 / Allies) Kobe-81points: sing about Akinos
(115:24 / All) hellorandom: i kik you ok?
(115:26 / Allies) TylerAaronKerr: he can't hear you
(115:28 / All) TylerAaronKerr: lmfao
(115:33 / All) hellorandom: ?
(115:42 / All) TylerAaronKerr: Laughing My Fr**king Ass Off
(115:50 / Allies) TylerAaronKerr: potm
(116:00 / Allies) TylerAaronKerr: out
(116:29 / Allies) TylerAaronKerr: get in hiding
(116:42 / All) hellorandom: i kik you ok?
(116:51 / All) TylerAaronKerr: ?
(117:00 / All) hellorandom: kick
(117:07 / All) hellorandom: ok?
(117:29 / All) Kobe-81points: one by one
(117:36 / All) Kobe-81points: but WHO is the killer
(118:14 / All) hellorandom: i can kick you my pro programm 
(118:19 / Allies) Kobe-81points: fucking goons
(118:33 / All) hellorandom: tiahack and map hack=))
(118:35 / Allies) Kobe-81points: my first goon game, 4 hours and music
(118:40 / All) TylerAaronKerr: go for it bwahahahaha
(119:02 / All) hellorandom: you no win
(119:08 / All) TylerAaronKerr: do it
(119:11 / All) TylerAaronKerr: press hack
(119:13 / All) hellorandom: you no have gold
(119:22 / All) TylerAaronKerr: i have thousands (n x 1000)
(119:26 / All) Kobe-81points: we have Morale
(119:48 / All) hellorandom: i kill your hero go too me
(121:32 / All) hellorandom: go why you ran
(121:48 / All) hellorandom: bwahahaha haha
(138:13 / Allies) Kobe-81points: m
(138:19 / Allies) Kobe-81points: fuck